 Dungeon Crawl Stone Soup version 0.32-a0-485-g70f7560b1c (webtiles) character file.

Game seed: 1566064183143857080

164 horus123 the Chopper (level 5, 0/57 HPs)
             Began as a Demonspawn Gladiator on Feb 27, 2024.
             Incinerated by a bombardier beetle (2 damage)
             ... with a burning spray
             ... on level 3 of the Dungeon.
             The game lasted 00:05:02 (2078 turns).

horus123 the Chopper (Demonspawn Gladiator)         Turns: 2078, Time: 00:05:03

Health: 0/57       AC: 22    Str: 14 (16) XL:     5   Next: 21%
Magic:  5/5        EV:  2    Int:  8 (9)  God:
Gold:   111        SH:  0    Dex: 18 (20) Spells: 4/4 levels left

rFire   . . .        a - +0 war axe
rCold   . . .        (no shield)
rNeg    . . .        l - melded +0 chain mail
rPois   +            c - melded +0 helmet
rElec   .            (cloak currently unavailable)
rCorr   .            (gloves currently unavailable)
SInv    .            (boots currently unavailable)
Will    .....        (no amulet)
Stlth   +            i - +6 ring of dexterity
HPRegen 0.29/turn    (no ring)
MPRegen 0.09/turn

%: no passive effects
@: on fire, tree-form, glowing
A: stationary, stasis, torment immunity, boosted hp, (hooves 2)
a: no special abilities


You were on level 3 of the Dungeon.
You were a tree.
You visited 1 branch of the dungeon, and saw 3 of its levels.

You collected 111 gold pieces.

Inventory:

Hand Weapons
 a - a +0 war axe (weapon)
Missiles
 d - 2 throwing nets (quivered)
 e - a javelin
 m - 5 boomerangs
Armour
 c - a +0 helmet (melded)
 l - a +0 chain mail (melded)
Jewellery
 i - a +6 ring of dexterity (left branch)
 p - a ring of wizardry
Scrolls
 f - a scroll of identify {unknown}
 h - 3 scrolls of amnesia {unknown}
 k - 2 scrolls of revelation {unknown}
 n - a scroll of teleportation {unknown}
 o - a scroll of noise {unknown}


   Skills:
 - Level 2.0 Fighting
 - Level 0.1 Long Blades
 + Level 5.4 Axes
 - Level 1.7 Throwing
 - Level 2.6 Dodging


You had 4 spell levels left.
You didn't know any spells.
Your spell library was empty.

Dungeon Overview and Level Annotations

Branches:
Dungeon (3/15)

Altars:

Shops:
D:1 =


Innate Abilities, Weirdness & Mutations

You are a tree.
Your roots penetrate the ground, keeping you stationary.
You cannot be teleported.
You are immune to unholy pain and torment.
Your maximum health is greatly increased.
Your equipment is partially melded.
((You have hoof-like feet.))


Message History

You hit the ball python.
You kill the ball python!
The liquid fire burns you!
* * * LOW HITPOINT WARNING * * *
You have reached level 5!
Your demonic ancestry asserts itself...
Your feet thicken and deform.
It was a potion of lignification.
You turn into a tree.
Your +0 helmet melds into your body.
Your +0 chain mail melds into your body.
Your roots penetrate the ground.
The liquid fire burns you!
* * * LOW HITPOINT WARNING * * *
It was a potion of degeneration.
There was something very wrong with that liquid.
You feel weakened.
You feel dopey.
You feel clumsy. The liquid fire burns you!
* * * LOW HITPOINT WARNING * * *
It was a potion of heal wounds.
You feel much better. The liquid fire burns you!
You are on fire!
You are on fire!
Unknown command.
You cannot move.
You cannot move.
You cannot move.
The liquid fire burns you! The liquid fire burns you!
The liquid fire burns you! The liquid fire burns you!
* * * LOW HITPOINT WARNING * * *
The liquid fire burns you!
* * * LOW HITPOINT WARNING * * *
The liquid fire burns you!
* * * LOW HITPOINT WARNING * * *
The liquid fire burns you!
* * * LOW HITPOINT WARNING * * *
The liquid fire burns you!
* * * LOW HITPOINT WARNING * * *
The liquid fire burns you!
You die...

#...# ###.# #..#
# # #.## # #. #
#.## # ##.# .##
#..## # ##...#
...####..#####
#.....#####.....#
##...>..
#....))†)♣†.....#
#.#####
#.....##)##.....#
#.# # ##...# #)##
...## ##.# # ####
#..#########..# #
##...........## #
############# # #
# #


There were no monsters in sight!

Vanquished Creatures
  A bombardier beetle (D:3)
  3 adders
  A gnoll (D:3)
  2 dart slugs
  4 orcs (D:3)
  3 endoplasms
  2 giant cockroaches (D:1)
  3 hobgoblins
  6 jackals
  5 quokkas
  6 ball pythons
  10 bats
  A frilled lizard (D:1)
  7 goblins
  7 kobolds
  6 rats
67 creatures vanquished.

Vanquished Creatures (others)
  An orc wizard (D:3)
1 creature vanquished.

Grand Total: 68 creatures vanquished

Notes
Turn   | Place    | Note
-------+----------+-------------------------------------------
     0 | D:1      | horus123 the Demonspawn Gladiator began the quest for the
                  | Orb.
     0 | D:1      | Reached XP level 1. HP: 16/16 MP: 1/1
   159 | D:1      | Reached skill level 3 in Axes
   167 | D:1      | Discovered your monstrous ancestry.
   167 | D:1      | Gained mutation: You have large cloven feet. [demonic
                  | ancestry]
   167 | D:1      | Reached XP level 2. HP: 11/22 MP: 2/2
   323 | D:1      | Found Campup's Jewellery Shop.
   530 | D:1      | Reached XP level 3. HP: 27/27 MP: 3/3
   690 | D:2      | Reached skill level 4 in Axes
  1345 | D:3      | Reached XP level 4. HP: 33/33 MP: 4/4
  1506 | D:3      | Identified the +1 falchion "Haokajy" {flame, rCorr Dex+3}
  2059 | D:3      | Reached skill level 5 in Axes
  2067 | D:3      | Gained mutation: You have hoof-like feet. [demonic
                  | ancestry]
  2067 | D:3      | Reached XP level 5. HP: 11/38 MP: 5/5
  2077 | D:3      | HP: 2/57 [burnt (5)]
  2078 | D:3      | Incinerated by a bombardier beetle

Illustrated notes

Levels and vault maps discovered:
D:1:      lightli_iron_boxes, layout_loops_cross, serial_shops, shop_statue,
          chequers_serial_rivers_marsh
D:2:      layout_basic, minmay_tetromino_s4
D:3:      minmay_octagon_keep, layout_basic

Skill      XL: |  1  2  3  4 |
---------------+-------------+-----
Axes           | 3 4 5 |  5.4
Fighting       | |  2.0
Long Blades    | |  0.1
Throwing       | |  1.7
Dodging        | |  2.6

Action                     |  1- 3 |  4- 6 || total
---------------------------+-------+-------++-------
  Melee: War axe           |   119 |    41 ||   160
         Kick              |    21 |    11 ||    32
         Falchion          |       |     5 ||     5
  Throw: Throwing net      |       |     1 ||     1
    Use: Potion            |       |     3 ||     3
 Armour: Leather armour    |    49 |       ||    49
         Ring mail         |    23 |       ||    23
         Chain mail        |    17 |    59 ||    76
  Dodge: Dodged            |   102 |    27 ||   129

Table legend: (Time is in decaauts)
 A = Elapsed time spent in this place.
 B = Non-inter-level travel time spent in this place.
 C = Inter-level travel time spent in this place.
 D = Time resting spent in this place.
 E = Time spent auto-exploring this place.
 F = Levels seen in this place.
 G = Mean time per level.
                   A        B        C        D        E       F      G
               +--------+--------+--------+--------+--------+-----+--------+
         Total |   2129 |   2073 |     56 |    193 |   1352 |   3 |  709.7 |
       Dungeon |   2129 |   2073 |     56 |    193 |   1352 |   3 |  709.7 |
               +--------+--------+--------+--------+--------+-----+--------+

Top non-repeatable levels by time:
     D:2: 962 daAuts
     D:1: 667 daAuts
     D:3: 499 daAuts
